 Dungeon Crawl Stone Soup version 0.20.0-15-g7f486f2 (webtiles) character file.

310 nikopol the Chopper (level 6, -7/53 HPs)
             Began as a Hill Orc Fighter on June 10, 2017.
             Mangled by murphy's ghost (10 damage)
             ... on level 5 of the Dungeon.
             The game lasted 00:06:14 (3231 turns).

nikopol the Chopper (Hill Orc Fighter)              Turns: 3231, Time: 00:06:15

Health: -7/53      AC:  7    Str: 26    XL:     6   Next: 41%
Magic:  6/6        EV:  8    Int:  8    God:
Gold:   130        SH: 10    Dex: 10    Spells: 5/5 levels left

rFire    . . .     SeeInvis .   a - +0 war axe
rCold    . . .     Gourm    .   c - +0 shield
rNeg     . . .     Faith    .   b - +0 scale mail
rPois    .         Spirit   .   (no helmet)
rElec    .         Reflect  .   (no cloak)
rCorr    .         Harm     .   (no gloves)
MR       .....     Rnd*Tele +   (no boots)
Stlth    ..........             (no amulet)
Regen    0.2/turn               m - ring of teleportation (curse)
MPRegen  0.1/turn               (no ring)

@: mighty
A: no striking features
a: no special abilities


You were on level 5 of the Dungeon.
You were very hungry.

You visited 1 branch of the dungeon, and saw 5 of its levels.

You collected 130 gold pieces.

Inventory:

Hand Weapons
 a - a +0 war axe (weapon)
Armour
 b - a +0 scale mail (worn)
 c - a +0 shield (worn)
Jewellery
 k - an uncursed ring of stealth {unknown}
 m - a cursed ring of teleportation (left hand)
 r - an uncursed amulet of the gourmand {unknown}
 t - an uncursed amulet of faith {unknown}
 v - an uncursed ring of flight {unknown}
Scrolls
 g - a scroll of recharging {unknown}
 h - 2 scrolls of enchant armour {unknown}
 j - 2 scrolls of teleportation {unknown}
 n - 8 scrolls of identify {unknown}
 o - 2 scrolls of random uselessness {unknown}
 s - a scroll of remove curse {unknown}
 w - a scroll of fear {unknown}
 y - a scroll of vulnerability {unknown}
Potions
 e - a potion of berserk rage {unknown}
 l - 2 potions of curing {unknown}
 q - a potion of degeneration {unknown}
 u - a potion of cancellation {unknown}
 x - a potion of resistance {unknown}
Comestibles
 f - 5 bread rations
 i - 3 meat rations
 p - a royal jelly


   Skills:
 + Level 4.3 Fighting
 + Level 5.8 Axes
 + Level 4.7 Armour
 + Level 1.1 Dodging
 + Level 0.3 Stealth
 + Level 4.2 Shields


You had 5 spell levels left.
You didn't know any spells.

Dungeon Overview and Level Annotations

Branches:
Dungeon (4/15)
 Temple: D:4-7

Altars:
Makhleb
Nemelex Xobeh
Uskayaw
Zin

Annotations:
D:4 Sigmund
D:5 murphy's ghost, amateur DDFi


Message History

You are too injured to fight recklessly!
You are too injured to fight recklessly!
You are too injured to fight recklessly!
You are too injured to fight recklessly!
You slice the orc priest!!
You kill the orc priest!
You hit murphy's ghost.
Murphy's ghost hits you but does no damage.
A scorpion comes into view.
You slash murphy's ghost!
Murphy's ghost is moderately damaged.
The scorpion moves out of view.
Murphy's ghost hits you!
* * * LOW HITPOINT WARNING * * *
You feel very mighty all of a sudden. Murphy's ghost hits you!
* * * LOW HITPOINT WARNING * * *
You slash murphy's ghost!
Murphy's ghost is heavily damaged.
Murphy's ghost hits you!
You die...

..........
........##
........
#......#
#......#
#......#
#.W[)..#
#.)@†..#
########


You could see murphy's ghost.

Vanquished Creatures
  2 orc wizards (D:5)
  An orc priest (D:5)
  2 worker ants (D:4)
  A worker ant zombie (D:5)
  Robin (D:2)
  4 adders
  A dart slug (D:5)
  3 leopard geckos
  15 orcs
  4 giant cockroaches
  13 goblins
  7 hobgoblins
  20 jackals
  2 ball pythons (D:2)
  7 bats
  5 frilled lizards
  4 kobolds
  4 rats
96 creatures vanquished.

Vanquished Creatures (others)
  A quokka (D:4)
1 creature vanquished.

Grand Total: 97 creatures vanquished

Notes
Turn   | Place    | Note
-------+----------+-------------------------------------------
     0 | D:1      | nikopol the Hill Orc Fighter began the quest for the Orb.
     0 | D:1      | Reached XP level 1. HP: 19/19 MP: 1/1
    63 | D:1      | Reached XP level 2. HP: 7/27 MP: 2/2
   398 | D:1      | Reached skill level 3 in Axes
   443 | D:1      | Reached XP level 3. HP: 30/33 MP: 3/3
  1239 | D:2      | Noticed Robin
  1242 | D:2      | Reached XP level 4. HP: 40/40 MP: 4/4
  1250 | D:1      | Reached skill level 4 in Axes
  1331 | D:2      | Killed Robin
  1794 | D:3      | Found a glowing silver altar of Zin.
  1994 | D:3      | Reached XP level 5. HP: 39/46 MP: 5/5
  2597 | D:4      | Found a sparkling altar of Nemelex Xobeh.
  2598 | D:4      | Found a hide-covered altar of Uskayaw.
  2767 | D:4      | Reached skill level 5 in Axes
  2910 | D:4      | Found a burning altar of Makhleb.
  2952 | D:4      | Noticed Sigmund
  2971 | D:4      | You fall through a shaft!
  2971 | D:5      | Entered Level 5 of the Dungeon
  2977 | D:5      | Reached skill level 1 in Dodging
  2977 | D:5      | Reached XP level 6. HP: 45/52 MP: 6/6
  3222 | D:5      | Noticed murphy's ghost (amateur DDFi)
  3230 | D:5      | HP: 2/53 [murphy's ghost (13)]
  3231 | D:5      | Mangled by murphy's ghost

Skill      XL: |  1  2  3  4  5 |
---------------+----------------+-----
Axes           | 3 4 5 |  5.8
Armour         | 4 |  4.7
Fighting       | 4 |  4.3
Shields        | 4 |  4.2
Dodging        | 1 |  1.1
Stealth        | |  0.3

Action                   |  1- 3 |  4- 6 || total
-------------------------+-------+-------++-------
Melee: War axe           |   114 |   203 ||   317
  Use: Potion            |       |     1 ||     1
  Eat: Chunk             |     1 |     6 ||     7
Armor: Scale mail        |    62 |   104 ||   166
Dodge: Dodged            |    49 |    73 ||   122
Block: Shield            |    82 |   124 ||   206
